 Dungeon Crawl Stone Soup version 0.21.1-1-g345015f (webtiles) character file.

120 VLARC the Insei (level 4, -1/34 HPs)
             Began as a Demigod Transmuter on Feb 28, 2018.
             Slain by Grinder (8 damage)
             ... on level 3 of the Dungeon.
             The game lasted 00:12:59 (3856 turns).

VLARC the Insei (Demigod Transmuter)                Turns: 3856, Time: 00:12:59

Health: -1/34      AC:  4    Str: 15    XL:     4   Next: 47%
Magic:  1/9        EV: 12    Int: 17    God:
Gold:   97         SH:  0    Dex: 16    Spells: 3/6 levels left

rFire    . . .     SeeInvis .     - Unarmed
rCold    . . .     Gourm    .   (no shield)
rNeg     . . .     Faith    .   l - +0 leather armour
rPois    .         Spirit   .   (no helmet)
rElec    .         Reflect  .   (no cloak)
rCorr    .         Harm     .   b - +0 pair of gloves
MR       .....                  (no boots)
Stlth    +.........             (no amulet)
HPRegen  0.11/turn              (no ring)
MPRegen  0.11/turn              (no ring)

@: very slightly contaminated
A: high mp 1
a: no special abilities


You were on level 3 of the Dungeon.
You were not hungry.

You visited 1 branch of the dungeon, and saw 3 of its levels.

You collected 97 gold pieces.

Inventory:

Missiles
 a - 21 arrows
 f - 103 stones (quivered)
Armour
 b - a +0 pair of gloves (worn)
 l - a +0 leather armour (worn)
Scrolls
 e - 4 scrolls of remove curse {unknown}
 g - 3 scrolls of teleportation {unknown}
 h - a scroll of immolation {unknown}
 j - a scroll of blinking {unknown}
Potions
 i - a potion of berserk rage {unknown}
 k - a potion of lignification {unknown}
Books
 c - a book of Changes

   Spells                             Type                      Level
   a - Beastly Appendage              Transmutation                1
   b - Sticks to Snakes               Transmutation                2
   c - Spider Form                    Transmutation/Poison         3
   d - Ice Form                       Ice/Transmutation            4
   e - Blade Hands                    Transmutation                5
Comestibles
 d - 6 rations


   Skills:
 - Level 0.8 Fighting
 - Level 1.7 Dodging
 + Level 4.0 Unarmed Combat
 - Level 1.7 Spellcasting
 + Level 3.4 Transmutations


You had 3 spell levels left.
You knew the following spells:

 Your Spells              Type           Power        Failure   Level  Hunger
a - Beastly Appendage     Tmut           ##....       6%          1    #......
b - Sticks to Snakes      Tmut           ##......     9%          2    ###....


Dungeon Overview and Level Annotations

Branches:
Dungeon (3/15)

Annotations:
D:3 Grinder


Innate Abilities, Weirdness & Mutations

You have an increased reservoir of magic. (+10% MP)


Message History

Your ball python bites the goblin.
Your ball python constricts the goblin.
Grinder hits your ball python!
Your ball python dies!
Your adder completely misses the goblin.
The goblin misses you.
You hit the goblin.
You kill the goblin!
You closely miss Grinder.
Grinder is severely wounded.
Your adder bites Grinder.
Grinder says, "Wait up."
Grinder hits you.
* * * LOW HITPOINT WARNING * * *
You writhe in agony.
* * * LOW HITPOINT WARNING * * *
You hit Grinder.
Grinder is almost dead.
Your adder bites Grinder but does no damage.
Grinder hits you!
You die...

#.#.#..#.#.# #####
#......#.#.# ####...#.#.#
#...# #.# . #######...#
#..
#.........#.#########....
###.####.##.#............
#.# #.##$.............
#.# #.# #....@5# #.# #.#
#....S.# #>####.#
#......# #.#..#.#
#......# ###.#..#.#
#......# #......#.#
###.#### ###.##.#.# #.#
#....#.# #.# ########.#
#.#


You could see Grinder and a friendly adder.

Vanquished Creatures
  4 adders
  An ooze (D:2)
  A worm (D:2)
  3 dart slugs
  A leopard gecko (D:3)
  6 bats
  4 giant cockroaches
  6 goblins
  7 hobgoblins
  8 jackals
  A quokka (D:3)
  5 frilled lizards
  9 kobolds
  12 rats
68 creatures vanquished.

Vanquished Creatures (collateral kills)
  A rat (D:3)
1 creature vanquished.

Grand Total: 69 creatures vanquished

Notes
Turn   | Place    | Note
-------+----------+-------------------------------------------
     0 | D:1      | VLARC the Demigod Transmuter began the quest for the Orb.
     0 | D:1      | Reached XP level 1. HP: 15/15 MP: 5/5
   185 | D:1      | Reached skill level 3 in Unarmed Combat
   572 | D:1      | Reached XP level 2. HP: 6/22 MP: 5/7
  1836 | D:2      | Reached XP level 3. HP: 16/27 MP: 6/8
  3037 | D:3      | Reached XP level 4. HP: 25/34 MP: 7/9
  3246 | D:3      | Found a blossoming altar of Fedhas.
  3351 | D:3      | Learned a level 2 spell: Sticks to Snakes
  3526 | D:3      | Reached skill level 4 in Unarmed Combat
  3824 | D:3      | Noticed Grinder
  3829 | D:3      | Paralysed by Grinder for 5 turns
  3841 | D:3      | Paralysed by Grinder for 3 turns
  3856 | D:3      | Slain by Grinder

Skill      XL: |  1  2  3  4 |
---------------+-------------+-----
Transmutations | 2 3 |  3.4
Unarmed Combat | 3 4 |  4.0
Fighting       | |  0.8
Dodging        | |  1.7
Spellcasting   | |  1.7

Action                   |  1- 3 |  4- 6 || total
-------------------------+-------+-------++-------
Melee: Unarmed           |   171 |    89 ||   260
       Kick              |     8 |     3 ||    11
       Headbutt          |     6 |       ||     6
       Punch             |     3 |     1 ||     4
Throw: Stone             |    93 |     5 ||    98
 Cast: Beastly Appendage |    10 |     2 ||    12
       Sticks to Snakes  |       |     5 ||     5
  Eat: Chunk             |     7 |     3 ||    10
Armor: Robe              |    10 |       ||    10
       Leather armour    |    46 |    22 ||    68
Dodge: Dodged            |   121 |    56 ||   177
